 Dungeon Crawl Stone Soup version 0.31-a0-152-g6aa68a64a1 (webtiles) character file.

Game seed: 4850695457315679197

71 qw the Shooter (level 4, -1/28 HPs)
             Began as a Gargoyle Hunter on June 10, 2023.
             Slain by Sigmund
             ... wielding a +0 scythe
              (7 damage)
             ... on level 3 of the Dungeon.
             The game lasted 00:00:40 (1654 turns).

qw the Shooter (Gargoyle Hunter)                    Turns: 1654, Time: 00:00:40

Health: -1/28      AC:  6    Str: 14    XL:     4   Next: 24%
Magic:  4/4        EV: 11    Int: 10    God:
Gold:   126        SH:  0    Dex: 15    Spells: 3/3 levels left

rFire   . . .        Y - +0 shortbow
rCold   . . .        (shield currently unavailable)
rNeg    + . .        c - +0 leather armour
rPois   inf          (no helmet)
rElec   +            (no cloak)
rCorr   .            (no gloves)
SInv    .            (no boots)
Will    .....        (no amulet)
Stlth   ++           (no ring)
HPRegen 0.24/turn    (no ring)
MPRegen 0.09/turn

%: no passive effects
@: no status effects
A: sickness immunity, AC +3, negative energy resistance 1, electricity
resistance, torment resistance 1, petrification resistance
a: no special abilities


You were on level 3 of the Dungeon.
You visited 1 branch of the dungeon, and saw 3 of its levels.

You collected 126 gold pieces.


Innate Abilities, Weirdness & Mutations

You are immune to sickness and miasma.
Your stone body is resilient. (AC +3)
You are immune to poison.
You resist negative energy. (rN+)
You are resistant to electric shocks. (rElec)
You are resistant to unholy torment.
You are immune to petrification.


   Skills:
 - Level 3.0 Fighting
 + Level 5.2 Ranged Weapons
 - Level 1.5 Dodging
 - Level 1.1 Stealth


You had 3 spell levels left.
You didn't know any spells.
Your spell library was empty.

Inventory:

Hand Weapons
 Y - a +0 shortbow (weapon)
Armour
 c - a +0 leather armour (worn)
Jewellery
 a - an amulet of reflection
Scrolls
 b - a scroll of silence {unknown}
 f - a scroll of vulnerability {unknown}
 i - 2 scrolls of identify
Potions
 d - 2 potions of might
 e - a potion of curing
 j - a potion of attraction

Dungeon Overview and Level Annotations

Branches:
Dungeon (3/15)

Altars:

Annotations:
D:3 Sigmund


Message History

Enter note: You now have 126 gold pieces (gained 4).
Sigmund the Dreaded comes into view.
He is wielding a +0 scythe.
Sigmund shouts!
Enter note:
Enter note: You shoot an arrow.
The arrow closely misses Sigmund.
You shoot an arrow. The arrow closely misses Sigmund.
Sigmund mumbles some strange words.
Sigmund flickers and vanishes!
Deactivating autopickup; reactivate with Ctrl-A.
You shoot an arrow. You shoot an arrow. Something hits you.
You shoot an arrow. Something hits you.
You shoot an arrow. You shoot an arrow.
You hear some strange, mumbled words.
You are confused.
Something completely misses you.
You shoot an arrow. You shoot an arrow. Something hits you!
You shoot an arrow. Something hits you but does no damage.
You shoot an arrow.
You hear some strange, mumbled words.
Something tries to affect you, but you resist.
You shoot an arrow.
You feel less confused. Something hits you!
You shoot an arrow. Something hits you.
You shoot an arrow. You shoot an arrow. Something hits you but does no damage.
You shoot an arrow. Something hits you!
You die...

############# #..
......... #.#
#..{..... #.#
#@########
#######.###.........
...##.#.##.#######.
#.#.###.#.# #..##
##..##### .# #.##
##.....# #.# ##.##
##..###.# #.#
##.###.#.# #.# #.#
##.#.##.# #.# #.#


There were no monsters in sight!

Vanquished Creatures
  An adder (D:3)
  4 worms
  A dart slug (D:2)
  An orc (D:3)
  6 ball pythons
  5 endoplasms
  A giant cockroach (D:1)
  A goblin (D:2)
  5 hobgoblins
  4 jackals (D:1)
  2 quokkas (D:1)
  2 bats
  4 frilled lizards
  4 kobolds
  6 rats
47 creatures vanquished.

Notes
Turn   | Place    | Note
-------+----------+-------------------------------------------
     0 | D:1      | qw the Gargoyle Hunter began the quest for the Orb.
     0 | D:1      | Reached XP level 1. HP: 12/12 MP: 1/1
     0 | D:1      | 0 ||| qw: Version: 0.2-a-29-gd901d54
     0 | D:1      | 0 ||| qw: Game counter: 3996
     0 | D:1      | 0 ||| qw: Always use a shield: true
     0 | D:1      | 0 ||| qw: God list: Okawaru
     0 | D:1      | 0 ||| qw: Allow faded altars: false
     0 | D:1      | 0 ||| qw: Do Orc after D:15 true
     0 | D:1      | 0 ||| qw: Do second Lair branch before Depths: true
     0 | D:1      | 0 ||| qw: Lair rune preference: random
     0 | D:1      | 0 ||| qw: Plans: Normal, Zot:1-4, Slime:5, God:TSO, Crypt,
                  | Tomb, Abyss, Pan, Hells, Win
     0 | D:1      | 0 ||| PLANNING D:1-11
   184 | D:1      | Reached XP level 2. HP: 17/17 MP: 2/2
   491 | D:1      | Reached XP level 3. HP: 17/21 MP: 3/3
   671 | D:1      | 671 ||| READING scroll labelled ADIK GIOWKU.
   672 | D:1      | 672 ||| READING scroll labelled BERHIMNO QIVU.
   676 | D:1      | 676 ||| READING scroll labelled SURHIMERUA.
   677 | D:1      | 677 ||| READING scroll labelled QUMOUG IHEFF.
   678 | D:1      | 678 ||| READING 2 scrolls labelled WIPO UPTOOQ.
   679 | D:1      | 679 ||| DROPPING scroll of butterflies.
   721 | D:2      | Reached skill level 5 in Ranged Weapons
  1250 | D:2      | Reached skill level 3 in Fighting
  1416 | D:2      | 1416 ||| READING scroll labelled DEJAOR FINOG.
  1417 | D:2      | 1417 ||| READING scroll labelled INI ZAEBEU.
  1418 | D:2      | 1418 ||| DRINKING 2 black potions.
  1419 | D:2      | 1419 ||| DRINKING 2 purple potions.
  1420 | D:2      | 1420 ||| READING 3 scrolls of identify.
  1420 | D:2      | 1420 ||| IDENTIFYING fuming dark potion
  1421 | D:2      | 1421 ||| READING 2 scrolls of identify.
  1421 | D:2      | 1421 ||| IDENTIFYING lumpy purple potion
  1422 | D:2      | 1422 ||| DROPPING potion of invisibility.
  1477 | D:3      | Reached XP level 4. HP: 28/28 MP: 4/4
  1574 | D:3      | Found a faded altar of an unknown god.
  1638 | D:3      | Noticed Sigmund
  1650 | D:3      | HP: 7/28 [something (10)]
  1654 | D:3      | Slain by Sigmund

Levels and vault maps discovered:
D:1:      minmay_arrival_stair_chambers, layout_loops_cross
D:2:      layout_basic
D:3:      layout_loops_ring, hellmonk_ecumenical_altar_arch_garden, uniq_sigmund

Skill      XL: |  1  2  3 |
---------------+----------+-----
Ranged Weapons | 5 |  5.2
Fighting       | 3 |  3.0
Dodging        | |  1.5
Stealth        | |  1.1

Action                     |  1- 3 |  4- 6 || total
---------------------------+-------+-------++-------
   Fire: Shortbow          |   111 |    28 ||   139
    Use: Scroll            |     9 |       ||     9
         Potion            |     2 |       ||     2
 Armour: Leather armour    |    15 |     3 ||    18
  Dodge: Dodged            |    18 |     2 ||    20

Table legend:
 A = Non-vault XP
 B = Vault XP
 C = Vault XP percentage of total XP
 D = Non-vault monster count
 E = Vault monster count
 F = Vault count percentage of total count
                 A         B        C        D         E       F
            +---------+---------+-------+---------+---------+-------
      Total |     102 |       0 |   0.0 |      47 |       0 |   0.0
            +---------+---------+-------+---------+---------+-------
        D:1 |      37 |       0 |   0.0 |      22 |       0 |   0.0
        D:2 |      40 |       0 |   0.0 |      19 |       0 |   0.0
        D:3 |      25 |       0 |   0.0 |       6 |       0 |   0.0
            +---------+---------+-------+---------+---------+-------
